Map: Frozen Temple

Players

DroneScout

  • Race: Terran Terran
  • League: Diamond

Kaldi - Winner!

  • Race: Zerg Zerg
  • League: Master

VOD

Have the link to the VOD?

Description

Time

  • Played on: April 28, 2016, 6:53 p.m.
  • Length: 9:15
Show
View Real Time Build Order
Export as new Build Order

DroneScout Terran 

Build Orders: Liberator Opening, Reaper Expand, MMM Bio 

Get SALT Encoding   

  12  0:01  SCV  
  13  0:13  SCV  
  14  0:18  Supply Depot  
  14  0:25  SCV  
  15  0:40  SCV  
  15  0:41  Barracks  
  16  0:46  Refinery  
  16  0:52  SCV  
  17  1:04  SCV  
  18  1:16  SCV  
  19  1:29  Orbital Command  
  19  1:30  Reaper  
  20  1:43  Command Center  
  20  1:54  Supply Depot  
  20  1:55  SCV  
  21  2:04  Marine  
  21  2:07  SCV  
  23  2:17  Factory  
  23  2:19  SCV  
  23  2:20  Refinery  
  24  2:24  Barracks Reactor  
  24  2:32  SCV  
  25  2:44  SCV  
  26  2:56  SCV  
  27  3:01  Orbital Command  
  27  3:07  Starport  
  27  3:08  SCV  
  27  3:10  Marine x2  
  30  3:20  SCV  
  30  3:26  Liberator  
  31  3:27  SCV  
  31  3:31  Marine x2  
  31  3:33  SCV  
  35  3:37  Supply Depot  
  35  3:38  Supply Depot  
  35  3:39  SCV  
  36  3:45  SCV  
  40  3:49  Factory Tech Lab  
  40  3:51  SCV  
  41  3:57  SCV, Marine x2  
  44  4:03  SCV  
  44  4:09  SCV, Liberator  
  46  4:15  SCV  
  47  4:18  Command Center  
  47  4:21  SCV  
  48  4:27  SCV  
  52  4:33  SCV, Marine x2  
  52  4:34  Siege Tank  
  58  4:40  SCV  
  58  4:42  Supply Depot x2  
  58  4:45  SCV  
  60  4:48  Refinery  
  60  4:50  Marine, Refinery  
  60  4:51  Marine  
  62  5:04  SCV x2  
  64  5:08  Siege Tank  
  67  5:16  SCV x2  
  69  5:23  Engineering Bay  
  69  5:24  Engineering Bay  
  69  5:28  SCV x2  
  71  5:30  Barracks, Barracks Tech Lab  
  71  5:31  Barracks, Supply Depot  
  71  5:32  Supply Depot  
  72  5:38  Medivac x2  
  72  5:40  SCV x2  
  78  5:44  Orbital Command  
  78  5:49  Siege Tank  
  80  5:50  Supply Depot  
  80  5:52  SCV x2  
  80  5:53  Stimpack  
  82  6:04  SCV x2  
  82  6:09  Marine  
  82  6:10  Medivac  
  82  6:11  Medivac  
  89  6:14  Terran Infantry Weapons Level 1  
  89  6:19  SCV x2  
  91  6:31  SCV x2, Barracks Reactor x2  
  93  6:34  Terran Infantry Armor Level 1  
  93  6:36  Supply Depot  
  93  6:43  SCV  
  93  6:44  SCV  
  92  6:52  Marine  
  92  6:53  Siege Tank  
  96  6:55  SCV  
  96  6:56  Barracks  
  96  6:57  Orbital Command  
  96  6:58  Barracks, Factory  
  97  7:06  SCV  
  97  7:07  Armory  
  97  7:08  SCV  
  99  7:09  Supply Depot  
  99  7:10  Marine  
  100  7:18  SCV  
  101  7:26  SCV x2  
  101  7:28  Marine  
  104  7:30  SCV, Marine  
  104  7:31  Marine x3  
  104  7:35  Siege Tank, Medivac  
  114  7:37  Refinery  
  114  7:38  SCV x2, Refinery  
  117  7:46  Barracks Reactor, Marine  
  117  7:47  Barracks Reactor  
  117  7:48  Marine  
  117  7:50  Supply Depot  
  118  7:53  Combat Shields  
  118  7:56  Marine x3  
  121  8:03  Marine  
  122  8:07  Marine  
  122  8:08  Factory Tech Lab  
  122  8:09  Medivac x2  
  122  8:10  SCV  
  122  8:11  SCV  
  129  8:14  Marine x2  
  130  8:23  Marine x6  
  130  8:25  Marine  
  137  8:31  Siege Tank  
  137  8:32  Marine  
Show
View Real Time Build Order
Export as new Build Order

Kaldi Zerg - Winner!

Build Orders: Hatch First 

Get SALT Encoding   

  12  0:00  Drone  
  13  0:13  Overlord  
  13  0:17  Drone  
  14  0:32  Drone x2  
  14  0:35  Drone  
  17  0:53  Hatchery  
  16  0:57  Drone  
  17  1:10  Spawning Pool  
  16  1:11  Drone  
  17  1:19  Drone  
  17  1:23  Drone  
  19  1:31  Drone  
  20  1:42  Overlord  
  20  2:03  Queen  
  20  2:05  Zergling x4  
  20  2:06  Queen  
  20  2:07  Drone  
  27  2:13  Drone  
  28  2:16  Drone  
  28  2:22  Overlord  
  29  2:27  Drone  
  30  2:33  Drone  
  31  2:37  Drone  
  31  2:39  Extractor, Queen  
  31  2:42  Queen  
  35  2:47  Drone, Extractor  
  35  2:50  Drone  
  36  2:55  Overlord  
  36  3:02  Drone  
  37  3:08  Drone  
  37  3:12  Drone x4  
  42  3:14  Roach Warren  
  42  3:16  Drone x2  
  43  3:22  Drone x2  
  45  3:29  Drone x2  
  47  3:36  Overlord, Evolution Chamber  
  47  3:38  Evolution Chamber  
  45  3:50  Drone x2  
  45  3:54  Drone x3  
  45  3:55  Overlord  
  50  4:07  Roach x4  
  58  4:15  Zerg Ground Armor Level 1, Zerg Missile Weapons Level 1  
  58  4:19  Roach  
  58  4:22  Drone x3  
  58  4:23  Extractor, Overlord  
  62  4:36  Hatchery  
  61  4:45  Roach x3  
  67  4:49  Drone  
  68  4:53  Lair, Spore Crawler x2  
  68  4:54  Drone  
  68  4:55  Drone  
  67  5:00  Overlord  
  65  5:13  Drone  
  66  5:16  Drone x2  
  66  5:18  Overlord x2  
  68  5:24  Roach x2  
  68  5:25  Roach  
  74  5:34  Roach  
  74  5:35  Overlord x2  
  76  5:43  Drone x2  
  78  5:53  Drone x5  
  78  5:54  Drone  
  84  5:58  Drone  
  84  5:59  Drone  
  84  6:01  Drone  
  84  6:02  Drone  
  88  6:04  Ravager x3  
  88  6:05  Ravager  
  88  6:08  Drone x2  
  94  6:20  Overlord x2  
  94  6:24  Zerg Missile Weapons Level 2  
  94  6:26  Drone x3  
  94  6:27  Drone  
  94  6:28  Extractor  
  97  6:36  Drone  
  98  6:47  Drone x3  
  98  6:48  Drone x3  
  98  6:49  Extractor  
  98  6:50  Extractor  
  98  6:51  Ravager x2  
  98  6:52  Overlord x4  
  98  6:53  Overlord  
  104  7:02  Spore Crawler  
  103  7:20  Roach  
  103  7:21  Roach x9  
  123  7:23  Overlord x2  
  123  7:25  Hatchery  
  123  7:29  Drone x2  
  124  7:39  Drone  
  124  7:40  Overlord x3  
  125  7:46  Spine Crawler  
  125  7:49  Spine Crawler  
  123  8:02  Roach  
  123  8:03  Roach x12  
  149  8:07  Drone  
  149  8:08  Drone  
  151  8:13  Roach x2  
  151  8:15  Ravager x2  
  151  8:16  Ravager  
  158  8:32  Roach x11  
  180  8:38  Infestation Pit  
  176  8:41  Roach  
  176  8:42  Roach  
  176  8:49  Roach x4  
Tags
 
Add a new tag
Caveats
  • Supply blocks, unpowered buildings, or Contaminate may cause inaccurate times.
  • Supply counts are checked every 10 seconds.